 Dungeon Crawl Stone Soup version 0.19-b1-4-gd8a0a2a (webtiles) character file.

301 cedor the Chopper (level 6, -5/50 HPs)
             Began as a Hill Orc Warper on Oct 30, 2016.
             Was an Initiate of Beogh.
             Slain by an ogre
             ... wielding a +0 giant club
              (21 damage)
             ... on level 4 of the Dungeon.
             The game lasted 00:16:22 (3920 turns).

cedor the Chopper (Hill Orc Warper)                 Turns: 3920, Time: 00:16:22

Health: -5/50      AC:  5    Str: 14    XL:     6   Next: 37%
Magic:  5/9        EV: 11    Int: 15    God:    Beogh [......]
Gold:   220        SH:  0    Dex: 10    Spells: 3 memorised, 2 levels left

rFire  + . .     SeeInvis .     a - +0 hand axe
rCold  . . .     Gourm    .     y - +0 leather armour
rNeg   . . .     Faith    .     (no shield)
rPois  .         Spirit   .     (no helmet)
rElec  .         Reflect  .     (no cloak)
rCorr  .         Harm     .     (no gloves)
MR     .....                    k - +1 pair of boots
Stlth  +.........               (no amulet)
                                p - ring of wizardry
                                E - ring of protection from fire

@: very slightly contaminated
A: no striking features
a: Renounce Religion


You were on level 4 of the Dungeon.
You worshipped Beogh.
Beogh was noncommittal.
You were not hungry.

You visited 1 branch of the dungeon, and saw 4 of its levels.

You collected 220 gold pieces.


   Skills:
 - Level 2.4 Fighting
 + Level 5.4 Axes
 - Level 0.8 Throwing
 + Level 3.8 Armour
 - Level 1.5 Dodging
 - Level 2.0 Spellcasting
 + Level 3.6 Translocations


You had 2 spell levels left.
You knew the following spells:

 Your Spells              Type           Power        Failure   Level  Hunger
a - Shroud of Golubria    Chrm/Tloc      #.........   9%          2    ###....
b - Blink                 Tloc           N/A          4%          2    ###....
z - Teleport Other        Tloc           ##......     9%          3    ###....

Inventory:

Hand Weapons
 a - a +0 hand axe (weapon)
 b - a +0 hunting sling
 C - a +0 hunting sling
Missiles
 e - 5 tomahawks of dispersal {=f}
 g - 122 stones (quivered)
 h - 23 sling bullets
 x - 2 needles of frenzy
Armour
 k - a +1 pair of boots (worn)
 y - a +0 leather armour (worn)
Jewellery
 p - a ring of wizardry (right hand)
 E - a ring of protection from fire (left hand)
Scrolls
 d - a scroll of blinking
 l - 3 scrolls of identify {@r1}
 r - 2 scrolls of fog
 v - 3 scrolls of remove curse
Potions
 m - a potion of heal wounds {unknown}
 o - a potion of haste {@q3}
 t - 3 potions of curing {@q1}
 D - a potion of agility {unknown}
 F - a potion of might {unknown}
Books
 c - a book of Spatial Translocations

   Spells                             Type                      Level
   a - Blink                          Translocation                2
   b - Shroud of Golubria             Charms/Translocation         2
   c - Lesser Beckoning               Translocation                3
   d - Portal Projectile              Translocation                3
   e - Teleport Other                 Translocation                3
   f - Passage of Golubria            Translocation                4
Comestibles
 f - 2 bread rations
 i - 4 meat rations
 n - 5 fruits
 s - 2 beef jerkies
 A - 2 slices of pizza

Dungeon Overview and Level Annotations

Branches:
Dungeon (4/15)
 Temple: D:4-7

Altars:

▒.▒ ▒........▒▒ ▒.▒
▒.▒▒▒▒▒..▒ ▒▒▒▒▒.▒▒ ▒.▒
▒▒▒..▒ ▒......▒ ▒.▒
▒....▒ ▒.▒.▒..▒ ▒.▒
▒.▒..▒
▒▒▒......▒▒▒▒.▒▒▒....▒▒▒▒
+....[))...............[+
▒▒▒...<▒O▒▒▒▒........▒▒▒▒
▒...▒▒o▒ ▒▒▒▒▒.▒.▒....
▒.▒.▒▒.▒ ▒.▒▒▒.▒▒▒
▒......▒ ... .▒ ▒
▒▒▒.▒▒▒▒ ▒▒.▒. .▒ ▒.▒
▒.... ▒.▒ ▒▒ ▒. ▒<


You could see an ogre.


Message History

There is an open door here.
You hear the slow hiss of a very distant avalanche of sand.
You hear the slow rusting of a distant drain.
You see here a short sword.
There is a stone staircase leading up here.
The ogre barely misses you.
You climb upwards.
There is a stone staircase leading down here.
You climb downwards.
You hear the hiss of flowing sand.
There is an entrance to an ossuary on this level.
Hurry and find it before the portal is buried!
You hear the sound of rushing water.
There is an entrance to a sewer on this level.
Hurry and find it before the portal rusts away!
There is a stone staircase leading up here.
You see here a short sword.
Casting: Shroud of Golubria
Confirm with . or Enter, or press ? or * to list all spells.
You miscast Shroud of Golubria.
You are very lightly contaminated with residual magic.
Your skin tingles.
The ogre completely misses you.
Casting: Shroud of Golubria
Confirm with . or Enter, or press ? or * to list all spells.
Space distorts slightly along a thin shroud covering your body.
The ogre hits you with a giant club.
* * * LOW HITPOINT WARNING * * *
Your shroud falls apart!
You barely miss the ogre.
The ogre is lightly wounded.
The ogre hits you with a giant club!!
You die...

Action                   |  1- 3 |  4- 6 || total
-------------------------+-------+-------++-------
Melee: Hand axe          |   160 |   215 ||   375
 Fire: Hunting sling     |       |    23 ||    23
Throw: Stone             |     2 |     5 ||     7
 Cast: Shroud of Golubri |     7 |    23 ||    30
Invok: Convert to Beogh  |       |     1 ||     1
  Use: Scroll            |       |    11 ||    11
  Eat: Chunk             |     1 |     9 ||    10
       Beef jerky        |     1 |       ||     1
       Bread ration      |       |     1 ||     1
Armor: Leather armour    |    76 |    69 ||   145
Dodge: Dodged            |   106 |   151 ||   257

Vault maps used:
D:1:      dpeg_arrival_leaves_temple_mockup, minmay_pentomino_z4
D:2:      first_bread, bh_walls_and_bars
D:4:      chequers_ossuary_entry_cave, portal_sewer_entry_b, trog_book

Notes
Turn   | Place    | Note
-------+----------+-------------------------------------------
     0 | D:1      | cedor the Hill Orc Warper began the quest for the Orb.
     0 | D:1      | Reached XP level 1. HP: 18/18 MP: 3/3
    32 | D:1      | Reached skill level 3 in Axes
    45 | D:1      | Reached XP level 2. HP: 24/25 MP: 4/4
   310 | D:1      | Learned a level 2 spell: Blink
   313 | D:1      | Learned a level 2 spell: Shroud of Golubria
   346 | D:1      | Reached skill level 2 in Spellcasting
   352 | D:1      | Reached XP level 3. HP: 10/30 MP: 4/6
   716 | D:1      | Reached skill level 2 in Armour
  1461 | D:2      | Reached skill level 4 in Axes
  1461 | D:2      | Reached XP level 4. HP: 30/37 MP: 4/7
  1521 | D:2      | Learned a level 3 spell: Teleport Other
  2723 | D:2      | Reached skill level 3 in Translocations
  2723 | D:2      | Reached XP level 5. HP: 36/42 MP: 8/8
  3001 | D:3      | Reached skill level 3 in Armour
  3147 | D:3      | Became a worshipper of Beogh the Brigand
  3156 | D:3      | Reached skill level 5 in Axes
  3760 | D:4      | Reached XP level 6. HP: 37/50 MP: 6/9
  3920 | D:4      | Slain by an ogre

Vanquished Creatures
  A crimson imp (D:3)
  An iguana (D:4)
  2 orc wizards (D:4)
  6 adders
  4 oozes
  3 worms
  2 dart slugs
  3 orcs
  9 bats
  3 giant cockroaches
  9 goblins
  7 hobgoblins
  14 jackals
  10 kobolds
  3 quokkas (D:2)
  3 ball pythons
  5 frilled lizards
  10 rats
95 creatures vanquished.

Vanquished Creatures (others)
  An orc wizard (D:3)
  A kobold (D:3)
2 creatures vanquished.

Grand Total: 97 creatures vanquished
